 Dungeon Crawl Stone Soup version 0.31-a0-819-gf6de2f5ab6 (webtiles) character file.

Game seed: 11349779453172580811

86 Leeroy the Changeling (level 4, -3/35 HPs)
             Began as a Draconian Shapeshifter on Sept 23, 2023.
             Slain by a gnoll
             ... wielding a +1 vampiric spear
              (7 damage)
             ... on level 4 of the Dungeon.
             The game lasted 00:01:58 (2002 turns).

Leeroy the Changeling (Draconian Shapeshifter)      Turns: 2002, Time: 00:01:59

Health: -3/35      AC:  5    Str: 16    XL:     4   Next: 27%
Magic:  4/4        EV: 12    Int: 13    God:
Gold:   33         SH:  0    Dex: 10    Spells: 3/3 levels left

rFire   . .          .
                       - Unarmed
rCold   . . .        (no shield)
rNeg    . . .        (body armour unavailable)
rPois   .            (helmet currently unavailable)
rElec   .            (cloak currently unavailable)
rCorr   .            (gloves currently unavailable)
SInv    .            (boots currently unavailable)
Will    .....        (no amulet)
Stlth   +            (no ring)
HPRegen 0.25/turn    (no ring)
MPRegen 0.09/turn

%: no passive effects
@: beast-form
A: beast (slay +2), AC +5, unfitting armour, cold-blooded
a: Begin Untransformation


You were on level 4 of the Dungeon.
You were a hulking beast.
You visited 1 branch of the dungeon, and saw 4 of its levels.

You collected 33 gold pieces.

Inventory:

Missiles
 t - a throwing net
Jewellery
 h - an amulet of faith
Talismans
 b - a beast talisman (active)
 c - a flux talisman
Scrolls
 e - a scroll of vulnerability {unknown}
 g - a scroll of immolation {unknown}
 j - 2 scrolls of enchant armour {unknown}
 k - a scroll of teleportation {unknown}
 l - a scroll of identify {unknown}
 m - a scroll of brand weapon {unknown}
 q - a scroll of revelation {unknown}
 r - a scroll of silence {unknown}
Potions
 a - 2 potions of lignification
 d - 2 potions of enlightenment {unknown}
 f - a potion of degeneration {unknown}
 i - 2 potions of cancellation {unknown}
 n - a potion of magic {unknown}
 o - a potion of curing {unknown}
 p - 2 potions of might {unknown}
 s - a potion of brilliance {unknown}


   Skills:
 - Level 1.1 Fighting
 - Level 1.7 Dodging
 - Level 3.0 Unarmed Combat
 + Level 4.9 Shapeshifting


You had 3 spell levels left.
You didn't know any spells.
Your spell library was empty.

Dungeon Overview and Level Annotations

Branches:
Dungeon (4/15)
 Temple: D:4-7

Altars:
Gozag

Annotations:
D:3 Sigmund


Innate Abilities, Weirdness & Mutations

You are a hulking beast.
Your limbs bulge with bestial killing power. (Slay +2)
Your plain brown scales are hard. (AC +5)
You cannot fit into any form of body armour.
You are cold-blooded and may be slowed by cold attacks.


Message History

A gnoll comes into view. It is wielding a +2 whip of flaming.
A gnoll is nearby!
A gnoll comes into view. It is wielding a +0 whip.
The gnoll shouts!
You hear a shout!
A gnoll comes into view. It is wielding a +1 vampiric spear.
The gnoll shouts!
A gnoll comes into view. It is wielding a +0 flail.
The gnoll shouts!
A kobold comes into view. It is wielding a +0 short sword.
The gnoll misses you.
You closely miss the gnoll.
The kobold shouts!
You tail-slap the gnoll.
The gnoll is moderately wounded.
The gnoll hits you with a +2 whip of flaming.
The gnoll burns you.
You hit the gnoll. You tail-slap the gnoll.
The gnoll is severely wounded.
The gnoll hits you with a +0 whip.
You hit the gnoll.
You kill the gnoll!
The gnoll hits you with a +0 whip. The gnoll barely misses you.
You hit the gnoll. You tail-slap the gnoll.
The gnoll is severely wounded.
The gnoll barely misses you. x2
You hit the gnoll.
The gnoll is severely wounded.
The gnoll hits you with a +0 whip. The gnoll closely misses you.
You are too injured to fight recklessly!
The gnoll attacks as it pursues you! The gnoll hits you with a +0 whip.
The gnoll hits you from afar with a +1 vampiric spear!
* * * LOW HITPOINT WARNING * * *
The gnoll attacks as it pursues you! The gnoll hits you with a +0 whip.
* * * LOW HITPOINT WARNING * * *
The gnoll attacks as it pursues you! The gnoll barely misses you.
Found a fizzy inky potion.
The gnoll closely misses you. The gnoll misses you.
The gnoll hits you from afar with a +1 vampiric spear!
You die...

.# #......# .# #......#
.##########....).######
...............K..gK...
###########......######
####g### #.# #
########g###.#
#........gh..#
#............#
#...........##
#..!........#
#...........#
#############


You could see 2 gnolls.

Vanquished Creatures
  An iguana (D:4)
  A gnoll (D:4)
  An ufetubus (D:4)
  A dart slug (D:1)
  3 bats (D:1)
  4 endoplasms
  2 giant cockroaches (D:1)
  3 goblins (D:1)
  6 hobgoblins
  4 jackals (D:1)
  2 kobolds (D:1)
  A quokka (D:4)
  4 ball pythons
  A frilled lizard (D:1)
  6 rats
40 creatures vanquished.

Notes
Turn   | Place    | Note
-------+----------+-------------------------------------------
     0 | D:1      | Leeroy the Draconian Shapeshifter began the quest for the
                  | Orb.
     0 | D:1      | Reached XP level 1. HP: 16/16 MP: 1/1
    80 | D:1      | Reached XP level 2. HP: 9/23 MP: 2/2
   467 | D:1      | Reached skill level 4 in Shapeshifting
   468 | D:1      | Found a faded altar of an unknown god.
   728 | D:1      | Reached XP level 3. HP: 28/28 MP: 3/3
  1739 | D:3      | Noticed Sigmund
  1769 | D:4      | Found an opulent altar of Gozag.
  1838 | D:4      | Reached XP level 4. HP: 14/35 MP: 4/4
  2002 | D:4      | Slain by a gnoll

Illustrated notes

Levels and vault maps discovered:
D:1:      sevenhm_arrival_forest_fort_large_2, layout_loops_ring, serial_rivers,
          chequers_serial_rivers_micro_d, chequers_serial_rivers_small_b,
          chequers_serial_rivers_marsh, chequers_serial_rivers_room_b,
          chequers_serial_rivers_micro_c, shapermc_ecumenical_altar_pompeii,
          nicolae_hexahallways
D:2:      layout_loops_cross, grunt_decor_fettered
D:3:      layout_loops_ring, chequers_temple_overflow_statue_of_worship,
          uniq_sigmund
D:4:      layout_basic, mainiacjoe_overflow_boulevard,
          mainiacjoe_overflow_small_starburst, serial_shops, shop

Skill      XL: |  1  2 |
---------------+-------+-----
Shapeshifting  | 4 |  4.9
Fighting       | |  1.1
Dodging        | |  1.7
Unarmed Combat | |  3.0

Action                     |  1- 3 |  4- 6 || total
---------------------------+-------+-------++-------
  Melee: Unarmed           |   110 |    11 ||   121
         Tailslap          |    13 |     3 ||    16
         Punch             |     3 |       ||     3
 Armour: Skin              |    60 |    13 ||    73
  Dodge: Dodged            |    64 |    17 ||    81

Table legend: (Time is in decaauts)
 A = Elapsed time spent in this place.
 B = Non-inter-level travel time spent in this place.
 C = Inter-level travel time spent in this place.
 D = Time resting spent in this place.
 E = Time spent auto-exploring this place.
 F = Levels seen in this place.
 G = Mean time per level.
                   A        B        C        D        E       F      G
               +--------+--------+--------+--------+--------+-----+--------+
         Total |   2000 |   1967 |     33 |      0 |   1665 |   4 |  500.0 |
       Dungeon |   2000 |   1967 |     33 |      0 |   1665 |   4 |  500.0 |
               +--------+--------+--------+--------+--------+-----+--------+

Top non-repeatable levels by time:
     D:1: 1208 daAuts
     D:2: 530 daAuts
     D:4: 242 daAuts
     D:3: 18 daAuts
